 Dungeon Crawl Stone Soup version 0.30-a0-1164-ge08a67761e (webtiles) character file.

Game seed: 2927271058084779497

3068 Orangeyouglad the Poker (level 10, -21/118 HPs)
             Began as a Human Monk on Apr 29, 2023.
             Was an Elder of the Shining One.
             Killed from afar by a steam dragon (34 damage)
             ... with a ball of steam
             ... on level 7 of the Dungeon on Apr 30, 2023.
             The game lasted 00:15:44 (6507 turns).

Orangeyouglad the Poker (Human Monk)                Turns: 6507, Time: 00:15:45

Health: -21/118    AC: 25    Str: 18    XL:     10   Next: 12%
Magic:  9/13       EV:  2    Int: 11    God:    the Shining One [****..]
Gold:   316        SH:  8    Dex: 15    Spells: 9/9 levels left

rFire   x . .        u - +3 trident
rCold   . . .        h - orb {*channel}
rNeg    + + .        a - melded +0 ring mail
rPois   +            (helmet currently unavailable)
rElec   .            (cloak currently unavailable)
rCorr   +            n - melded +0 pair of gloves
SInv    +            (boots currently unavailable)
Will    .....        (no amulet)
Stlth   +            p - ring of Ugukle {rPois rF- rCorr Str+2 SInv}
HPRegen 0.39/turn    y - +5 ring of evasion
MPRegen 0.13/turn

%: channel magic (20%)
@: divinely shielded, tree-form, glowing
A: stationary, stasis, torment immunity, boosted hp
a: Renounce Religion, Divine Shield, Cleansing Flame


You were on level 7 of the Dungeon.
You worshipped the Shining One.
The Shining One was greatly pleased with you.
You were a tree.
You visited 2 branches of the dungeon, and saw 8 of its levels.
You also visited: Ossuary.

You collected 316 gold pieces.

Inventory:

Hand Weapons
 u - a +3 trident (weapon)
Missiles
 q - 19 poisoned darts (quivered)
Armour
 a - a +0 ring mail (melded)
 d - an orb of light
 g - the +0 leather armour of Narcissism {Will++ Str-5 Int+4}
   (You found it on level 4 of the Dungeon)

   Str:       It affects your strength (-5).
   Int:       It affects your intelligence (+4).
   Will:      It greatly increases your willpower.
 h - an orb of energy (worn)
 n - a +0 pair of gloves (melded)
 v - a +0 chain mail
 w - the +2 robe "Oleck" {rN+ Str-3 Dex+3}
   (You took it off a hobgoblin on level 4 of the Dungeon)

   Str:       It affects your strength (-3).
   Dex:       It affects your dexterity (+3).
   rN:        It protects you from negative energy.
Jewellery
 b - a +5 ring of evasion
 p - the ring of Ugukle (left branch) {rPois rF- rCorr Str+2 SInv}
   (You found it on level 2 of the Dungeon)

   [ring of resist corrosion]

   Str:       It affects your strength (+2).
   rF:        It makes you vulnerable to fire.
   rPois:     It protects you from poison.
   SInv:      It lets you see invisible.
   rCorr:     It protects you from acid and corrosion.
 y - a +5 ring of evasion (right branch)
Wands
 s - a wand of digging (6)
Scrolls
 c - a scroll of poison
 i - 2 scrolls of noise {unknown}
 l - 2 scrolls of immolation
 m - 2 scrolls of magic mapping
 o - 2 scrolls of silence {unknown}
 r - a scroll of amnesia {unknown}
 t - a scroll of torment
 x - 2 scrolls of blinking
 z - a scroll of vulnerability {unknown}
 E - a scroll of teleportation {unknown}
 F - a scroll of fear {unknown}
 G - a scroll of brand weapon {unknown}
Potions
 e - a potion of haste {unknown}
 f - 4 potions of flight
 j - 8 potions of curing
 k - 2 potions of might {unknown}
 B - 3 potions of lignification
 C - 2 potions of mutation {unknown}
 D - a potion of attraction {unknown}


   Skills:
 + Level 7.1 Fighting
 + Level 7.1 Polearms
 + Level 5.6 Armour
 + Level 7.1 Dodging
 + Level 5.0 Invocations


You had 9 spell levels left.
You didn't know any spells.
Your spell library contained the following spells:

 Spells                   Type           Power      Damage    Failure   Level
 Hailstorm                Conj/Ice       0%         3d3       87%         3
 Ice Form                 Ice/Tmut       0%         N/A       99%         4
 Simulacrum               Ice/Necr       0%         N/A       100%        6


Dungeon Overview and Level Annotations

Branches:
Dungeon (7/15)             Temple (1/1) D:4         Ossuary (visited)

Altars:
Ashenzari
Cheibriados
Dithmenos
Elyvilon
Fedhas
Gozag
Hepliaklqana
Kikubaaqudgha
Makhleb
Nemelex Xobeh
Okawaru
Qazlal
Ru
Sif Muna
Trog
Uskayaw
Vehumet
Wu Jian
Xom
Yredelemnul
Zin
The Shining One

Annotations:
D:3 Grinder


Message History

The steam dragon misses you. You block the steam dragon's attack.
You hit the steam dragon.
The steam dragon is heavily wounded.
The steam dragon bites you but does no damage.
You block the steam dragon's attack.
You barely miss the steam dragon.
The steam dragon is heavily wounded.
You feel better. The steam dragon closely misses you.
The steam dragon claws you.
* * * LOW HITPOINT WARNING * * *
You puncture the steam dragon!
The steam dragon is almost dead.
The steam dragon breathes steam at you. The ball of steam hits you!
The steam scalds you terribly!
* * * LOW HITPOINT WARNING * * *
It was a potion of flight.
You feel very buoyant.
You fly up into the air.
You block the steam dragon's attack. x2
The centaur is engulfed in a cloud of scalding steam.
The centaur dies!
Your Invocations skill increases to level 5!
The steam dragon attacks as you move away!
You block the steam dragon's attack. The steam dragon misses you.
There is an open door here.
It was a potion of lignification.
You turn into a tree.
Your +0 pair of gloves melds into your body.
Your +0 ring mail melds into your body.
Your roots penetrate the ground.
The steam dragon bites you.
* * * LOW HITPOINT WARNING * * *
The steam dragon claws you but does no damage.
You hit the steam dragon but do no damage.
The steam dragon is severely wounded.
The steam dragon bites you but does no damage.
The steam dragon claws you but does no damage.
A wyvern comes into view.
You hit the steam dragon.
The steam dragon is almost dead.
The steam dragon breathes steam at you. The ball of steam hits you!!
The steam scalds you terribly!
You die...

#...........#.......#?..
#...........#.......#...
#....l#.....#.......#...
#...).##.c..#.......#...
#...#)###o..#.......#§§.
#..###)###..#.......#§..
#.###._.###..o....o.#...
#..###D###..............
##..#+#♣#...#......#...#
##.)###....#.......###)
##..#.....#.......# #§
##.......#.......# +.
##......#......#...#
#......#..........#
#......#..........#
#......#..........#
######......#......#...#


You could see a steam dragon (catching breath) and a wyvern.

Vanquished Creatures
  Menkaure (D:6)
  Edmund (D:6)
  3 ice beasts
  2 hornet zombies (Ossuary)
  2 orc warriors
  2 ogres (D:5)
  2 centaurs (D:6)
  A bullfrog (D:5)
  An elf zombie (D:5)
  2 scorpions
  2 elf skeletons (D:5)
  A wyvern zombie (Ossuary)
  A gnoll sergeant (D:5)
  A water moccasin zombie (Ossuary)
  A howler monkey (D:6)
  6 bullfrog zombies (Ossuary)
  3 centaur zombies (Ossuary)
  A human zombie (D:5)
  2 hounds (D:6)
  2 orc priests
  2 sleepcaps
  2 iguanas (D:4)
  3 orc wizards
  A human skeleton (D:5)
  5 killer bee zombies (Ossuary)
  14 mummies (Ossuary)
  A howler monkey zombie (Ossuary)
  12 adders
  3 gnolls (D:5)
  A shadow imp (D:7)
  3 white imps
  A worm (D:2)
  A dart slug (D:3)
  16 orcs
  5 ball pythons
  5 bats
  7 endoplasms
  4 giant cockroaches
  6 goblins
  8 hobgoblins
  7 jackals
  3 frilled lizards
  5 kobolds
  An orc skeleton (D:5)
  7 rats
160 creatures vanquished.

Vanquished Creatures (others)
  A centaur (D:7)
  A shadow imp (D:7)
  A plant (D:2)
  8 withered plants (Ossuary)
11 creatures vanquished.

Grand Total: 171 creatures vanquished

Notes
Turn   | Place    | Note
-------+----------+-------------------------------------------
     0 | D:1      | Orangeyouglad the Human Monk began the quest for the Orb.
     0 | D:1      | Reached XP level 1. HP: 18/18 MP: 1/1
   125 | D:1      | Reached XP level 2. HP: 18/24 MP: 2/2
   319 | D:1      | Reached XP level 3. HP: 29/29 MP: 3/3
   575 | D:2      | Reached XP level 4. HP: 34/36 MP: 4/4
   677 | D:2      | Identified the ring of Ugukle {rPois rF- rCorr Str+2 SInv}
   971 | D:2      | Found a faded altar of an unknown god.
  1468 | D:2      | Reached XP level 5. HP: 30/42 MP: 5/5
  2161 | D:3      | Noticed Grinder
  2345 | D:3      | Found a hide-covered altar of Uskayaw.
  2636 | D:4      | Reached skill level 1 in Armour
  2702 | D:4      | Identified the +0 leather armour of Narcissism {Will++
                  | Str-5 Int+4}
  2720 | D:4      | Reached XP level 6. HP: 35/49 MP: 6/6
  2921 | D:4      | Found a staircase to the Ecumenical Temple.
  2930 | Temple   | Entered the Ecumenical Temple
  3132 | Temple   | Became a worshipper of the Shining One
  3132 | Temple   | Reached * piety under the Shining One
  3132 | Temple   | Reached ** piety under the Shining One
  3191 | D:4      | Identified the +2 robe "Oleck" {rN+ Str-3 Dex+3}
  3231 | D:4      | Found an iron altar of Okawaru.
  3518 | D:5      | Entered Level 5 of the Dungeon
  3542 | D:5      | Reached XP level 7. HP: 46/55 MP: 7/7
  3690 | D:5      | Found a sand-covered staircase.
  3700 | D:5      | Reached skill level 5 in Fighting
  3700 | D:5      | Reached skill level 5 in Polearms
  3703 | Ossuary  | Entered an ossuary
  3716 | Ossuary  | Reached skill level 5 in Dodging
  3772 | Ossuary  | Reached XP level 8. HP: 57/62 MP: 8/8
  3799 | Ossuary  | Reached skill level 1 in Invocations
  3809 | Ossuary  | Reached *** piety under the Shining One
  4115 | Ossuary  | Reached XP level 9. HP: 68/69 MP: 11/11
  4142 | Ossuary  | Reached **** piety under the Shining One
  4935 | D:6      | Noticed Edmund
  4958 | D:6      | Killed Edmund
  4959 | D:6      | Reached skill level 5 in Armour
  5443 | D:6      | Noticed Menkaure
  5846 | D:6      | Killed Menkaure
  6344 | D:7      | Reached XP level 10. HP: 65/77 MP: 13/13
  6387 | D:7      | Found a sparkling altar of Nemelex Xobeh.
  6504 | D:7      | Reached skill level 5 in Invocations
  6507 | D:7      | Killed from afar by a steam dragon

Illustrated notes

Levels and vault maps discovered:
D:1:      minmay_arrival_up_and_down, layout_rooms
D:2:      layout_loops_corners, dreamdust_ecumenical_altar_grove,
          chequers_serial_rivers_large_a, nicolae_half_adder
D:3:      layout_basic, nicolae_uskayaw_suspiria, uniq_grinder
D:4:      layout_rooms, lemuel_tele_altar, minmay_temple_entry_antechambers
D:5:      layout_cave_pools, nicolae_ossuary_entry_catacombs
D:6:      layout_gridville, uniq_edmund, uniq_menkaure
D:7:      layout_gridville, nemelex_diamond_rough_becter, serial_shops, shop,
          minmay_fractal_squares_diagonal_5
Temple:   nicolae_temple_bog_church

Skill      XL: |  1  2  3  4  5  6  7  8  9 10 |
---------------+-------------------------------+-----
Fighting       | 4 5 6 7 |  7.1
Polearms       | 4 5 6 7 |  7.1
Dodging        | 4 5 6 7 |  7.1
Armour         | 1 2 3 4 5 |  5.6
Invocations    | 2 4 5 |  5.0

Action                     |  1- 3 |  4- 6 |  7- 9 | 10-12 || total
---------------------------+-------+-------+-------+-------++-------
  Melee: Spear             |    90 |   138 |       |       ||   228
         Trident           |       |    63 |   393 |    29 ||   485
  Throw: Dart              |       |     1 |     3 |       ||     4
 Invoke: Divine Shield     |       |       |     5 |     1 ||     6
         Cleansing Flame   |       |       |     1 |     1 ||     2
  Evoke: Wand              |       |     1 |       |     1 ||     2
    Use: Scroll            |       |     1 |     6 |       ||     7
         Potion            |       |       |     1 |     4 ||     5
 Armour: Robe              |    14 |       |       |       ||    14
         Leather armour    |    10 |    33 |       |       ||    43
         Ring mail         |       |    10 |    79 |     7 ||    96
         Skin              |       |       |       |     3 ||     3
  Dodge: Dodged            |    63 |   110 |   288 |    27 ||   488
  Block: Orb               |       |       |    23 |     8 ||    31

Table legend: (Time is in decaauts)
 A = Elapsed time spent in this place.
 B = Non-inter-level travel time spent in this place.
 C = Inter-level travel time spent in this place.
 D = Time resting spent in this place.
 E = Time spent auto-exploring this place.
 F = Levels seen in this place.
 G = Mean time per level.
                   A        B        C        D        E       F      G
               +--------+--------+--------+--------+--------+-----+--------+
         Total |   6534 |   6213 |    321 |   1087 |   3085 |   9 |  726.0 |
       Dungeon |   5649 |   5354 |    295 |    919 |   2820 |   7 |  807.0 |
        Temple |    229 |    203 |     26 |      0 |    169 |   1 |  229.0 |
       Ossuary |    655 |    655 |      0 |    168 |     95 |   1 |  655.0 |
               +--------+--------+--------+--------+--------+-----+--------+

Top non-repeatable levels by time:
     D:2: 1400 daAuts
     D:5: 1268 daAuts
     D:6: 782 daAuts
     D:3: 717 daAuts
     D:4: 706 daAuts
 Ossuary: 655 daAuts
     D:1: 467 daAuts
     D:7: 306 daAuts
  Temple: 229 daAuts
